[Event "*** Titled Tuesday Blitz"]
[Site "Chess.com"]
[Date "2020.11.10"]
[Round "9"]
[White "bazar-wokzal"]
[Black "Chernov_Mikhail"]
[Result "1-0"]
[WhiteElo "2506"]
[BlackElo "2347"]
[TimeControl "180+1"]
[EndTime "11:53:18 PST"]
[Termination "bazar-wokzal won on time"]

1. e4 d6 2. f4 c5 3. Nc3 Nc6 4. Nf3 g6 5. d3 Bg7 6. h3 Nf6 7. g4 Nd7 8. Bg2 Rb8 9. O-O O-O 10. Be3 Nd4 11. Qd2 b5 12. Nd1 e6 13. c3 Nxf3+ 14.
Bxf3 b4 15. d4 bxc3 16. bxc3 Qa5 17. e5 cxd4 18. cxd4 Qxd2 19. Bxd2 dxe5 20. dxe5 Bb7 21. Nc3 Rfc8 22. Bxb7 Rxb7 23. Ne4 Rc2 24. Rfc1 Rbb2 25. Rxc2 Rxc2 26. Rb1 Nb6 27. a4 Bf8 28. Kf1 Rc4 29. Nf6+ Kg7 30. a5 Nd5 31. Nxd5 exd5 32. Rb7 Rc2 33. Ke2 Kg8 34. Kd3 Ra2 35. Rxa7 Bc5 36. Rc7 Ra3+ 37. Kc2 Bg1 38. f5 gxf5 39. gxf5 Rxh3 40.
f6 h5 41. a6 Ra3 42. Rc6 Kh7 43. e6 fxe6 44. Rxe6 Kg6 45. Bc3 d4 46. Bb2 Ra5 47. Kb3 Kf7 48. Rd6 Rb5+ 49. Kc2 Rb8 50. Bc1 Rc8+ 51.
Kd1 d3 52. Bg5 d2 53. Rxd2 Bc5 54. Rd5 Bb6 55. Rd6 Bf2 56. Rd7+ Kg6 57. Rg7+ Kf5 58. f7 Rf8 59. Be7 1-0

[Event "*** Titled Tuesday Blitz"]
[Site "Chess.com"]
[Date "2020.11.10"]
[Round "9"]
[White "Lupul_Cenusiu"]
[Black "Kavyev_Ruslan"]
[Result "0-1"]
[WhiteElo "2528"]
[BlackElo "2411"]
[TimeControl "180+1"]
[EndTime "11:53:20 PST"]
[Termination "Kavyev_Ruslan won by resignation"]

1. d4 Nf6 2. Bg5 Ne4 3. Bf4 c5 4. d5 Qb6 5. Qc1 e6 6. f3 Nf6 7. e4 exd5 8. e5 Nh5 9. Ne2 d6 10. Nbc3 Be6 11. exd6 Nxf4 12. Nxf4 Qxd6 13. Bb5+ Nc6 14. O-O O-O-O 15. Re1 a6 16. Bf1 Nd4 17. Nxe6 Nxe6 18. a4 Be7 19. a5 Bg5 20. Qd1 Rhe8 21. Na4 Kb8 22. Nb6 Nd4 23. Rxe8 Rxe8 24. c3 Bf4 25. g3 Bxg3 26. cxd4 Bxh2+ 27. Kh1 Qh6 28. Bg2 Bg3+ 29. Kg1 Qe3+ 30. Kh1 Re6 31. Bh3 Qf2 32.
Qg1 Qxf3+ 33. Qg2 Re3 34. Qxf3 Rxf3 35. Kg2 Rb3 36. Nd7+ Kc7 37. Nxc5 Re3 38. Rc1 Kb8 39. Nd7+ Ka7 40. Rc8 Rb3 41. Nb6 Bb8 42. Rc2 Rg3+ 43. Kf2 Rxh3 44. Nc8+ Ka8 45. Nb6+ Ka7 46. Rc8 Rb3 47. Nd7 Bg3+ 48. Kg2 Bd6 49. Nb6 Rxb2+ 50. Kf3 Bb8 51. Nd7 Bd6 52. Nb6 Rxb6 53. axb6+ Kxb6 54. Rg8 g6 55. Rg7 Bb4 56. Rxf7 a5 57. Ke3 a4 58. Kd3 a3 59. Kc2 Kb5 60. Kb3 b6 61. Rxh7 Bd2 62. Rh3 Bf4 63. Rc3 g5 64. Kxa3 g4 65. Kb3 g3 66.
Rc2 Be3 67. Rg2 Bf2 68. Kc3 Ka4 69. Kd3 Kb3 70. Ke2 Kc4 71. Kf3 Kxd4 72. Rxg3 Bxg3 0-1

[Event "*** Titled Tuesday Blitz"]
[Site "Chess.com"]
[Date "2020.11.10"]
[Round "9"]
[White "jefferyx"]
[Black "vugarrasulov"]
[Result "1-0"]
[WhiteElo "2984"]
[BlackElo "2888"]
[TimeControl "180+1"]
[EndTime "11:53:22 PST"]
[Termination "jefferyx won on time"]

1. e4 c5 2. Nf3 e6 3. g3 b6 4. d4 cxd4 5. Nxd4 Bb7 6. Bg2 Nf6 7. Nc3 Bb4 8. O-O O-O 9. Re1 d5 10. e5 Nfd7 11. Qg4 Bxc3 12. Bh6 g6 13.
bxc3 Re8 14. Bg5 Qc7 15. Nb5 Qc6 16. c4 Na6 17. Qf4 Rf8 18. Be7 Rfe8 19. Bg5 Rf8 20.
Bh6 Nb4 21. Bxf8 Rxf8 22. Nd6 Nxc2 23. cxd5 Qc3 24. Rac1 Bxd5 25. Bxd5 exd5 26. Qa4 Nxe5 27. Qxc2 Nf3+ 28. Kf1 Qb4 29. Re3 Nxh2+ 30. Kg2 Ng4 31. Rf3 Qxd6 32. Qc7 Qe6 33. Rf4 Ne5 34. Re1 f6 35. Qxa7 Qc6 36. Qa4 b5 37. Qd4 Re8 38. Rd1 Rd8 39. Rd2 Kg7 40. Rd1 h5 41. Kg1 Qe6 42.
Qa7+ Rd7 43. Qe3 g5 44. Rfd4 Qf5 45. Kg2 Nc6 46. R4d2 d4 47. Qf3 Qxf3+ 48. Kxf3 f5 49. Rc1 Ne5+ 50. Kg2 Kf6 51. Rc5 d3 52. Rxb5 Nc4 53.
Rd1 d2 54. Rb4 Rd4 55. a3 Ke5 56. Kf1 Kd5 57. Ke2 Re4+ 58. Kf1 Kc5 59. Rxc4+ Rxc4 60. Rxd2 Ra4 61. Rd3 Kc4 62. Rf3 Kd4 63. Rxf5 Rxa3 64.
Rxg5 h4 65. Rg4+ Kd3 66. Rxh4 1-0

[Event "*** Titled Tuesday Blitz"]
[Site "Chess.com"]
[Date "2020.11.10"]
[Round "9"]
[White "AttractiveMustard"]
[Black "Morshynska"]
[Result "1-0"]
[WhiteElo "2401"]
[BlackElo "2246"]
[TimeControl "180+1"]
[EndTime "11:53:24 PST"]
[Termination "AttractiveMustard won on time"]

1. e4 e5 2. Nf3 Nc6 3. Bc4 Nf6 4.
d3 Be7 5. O-O O-O 6. Re1 d6 7.
a4 Na5 8. Ba2 c5 9. Nc3 Be6 10.
Bg5 Bxa2 11. Rxa2 Nc6 12. Bxf6 Bxf6 13. Nd5 Bg5 14. Ra1 f5 15. c3 Kh8 16. h3 Bh6 17. Nh2 Ne7 18. Nxe7 Qxe7 19. Qh5 Qg5 20. Qxg5 Bxg5 21. a5 Rf7 22. Re2 Raf8 23. exf5 Rxf5 24. Nf1 Bf4 25. g3 Bg5 26. h4 Bd8 27. Ne3 Rf3 28.
Rd2 g5 29. h5 g4 30. Nxg4 Bg5 31. Rdd1 Re8 32. Ra4 d5 33. Kg2 Rf5 34. Re1 Bd2 35. Re2 Bc1 36. c4 d4 37. Ra1 Bg5 38. Rae1 Bd8 39.
a6 bxa6 40. Rxe5 Rfxe5 41. Rxe5 Rxe5 42. Nxe5 Ba5 43. Kf3 Bb4 44. Ke4 a5 45. b3 Kg7 46.
g4 Kf6 47. f4 h6 48. Nd7+ Ke7 49. Ne5 Kf6 50. Nf3 Bc3 51. g5+ Kg7 52. Kf5 Bb4 53.
g6 a4 54. Ke6 axb3 55. f5 b2 56. f6+ Kf8 57. Ne5 b1=Q 58. Nd7+ Ke8 59. f7+ Kd8 60.
f8=Q+ Kc7 61. Qb8+ Kc6 62. Qd6+ Kb7 63. g7 Qe1+ 64. Qe5 1-0

[Event "*** Titled Tuesday Blitz"]
[Site "Chess.com"]
[Date "2020.11.10"]
[Round "9"]
[White "Ave_Mariia"]
[Black "Andrii_Prydun"]
[Result "0-1"]
[WhiteElo "2502"]
[BlackElo "2380"]
[TimeControl "180+1"]
[EndTime "11:53:25 PST"]
[Termination "Andrii_Prydun won by checkmate"]

1. d4 d5 2. c4 c6 3. Nf3 Nf6 4.
g3 e6 5. Bg2 Nbd7 6. O-O Be7 7.
Nbd2 O-O 8. Qc2 b6 9. e4 Bb7 10. e5 Ne8 11. cxd5 cxd5 12. Re1 Rc8 13. Qa4 a5 14. Nf1 Nc7 15. Ne3 Na6 16. Bf1 Nb4 17. a3 Nc6 18. h4 f6 19. Ng4 fxe5 20. Ngxe5 Ncxe5 21. Nxe5 Nxe5 22. Rxe5 Bc6 23. Qd1 Bd7 24. Bh3 Bd6 25. Bg5 Qc7 26. Rxe6 Bxg3 27. Re7 Bxf2+ 28.
Kh1 Bxh3 29. Rxc7 Rxc7 30. Rc1 Rcf7 31. Qd3 Bf5 32. Qd2 Be4+ 33. Kh2 Rf3 34. Rg1 Bxg1+ 35. Kxg1 Rf1+ 36. Kh2 R8f2+ 37. Kg3 Rxd2 38. Bxd2 Rf3+ 39. Kg4 Kf7 40. Bf4 h5+ 41. Kg5 g6 42. Be5 Bf5 43. Kh6 Rf2 44. Kg5 Rxb2 45. Kh6 Rb3 46. a4 b5 47. axb5 Rxb5 48. Kg5 a4 49. Kh6 a3 50. Kg5 a2 51. Kh6 a1=Q 52. Kg5 Qc1+ 53. Bf4 Qg1+ 54. Kh6 Rb7 55. Bg5 Qxd4 56. Bc1 Qf6 57. Bd2 Qd4 58. Bc1 Kg8 59. Kg5 Qg4+ 60. Kf6 Rf7+ 61. Ke5 Qe4+ 62. Kd6 d4 63. Bg5 Rd7+ 64. Kc5 Qd5+ 65. Kb4 Rb7+ 66.
Ka4 Qb3+ 67. Ka5 Qb5# 0-1

[Event "*** Titled Tuesday Blitz"]
[Site "Chess.com"]
[Date "2020.11.10"]
[Round "9"]
[White "Grineva_Marianna"]
[Black "WiktoriaPOL"]
[Result "0-1"]
[WhiteElo "2217"]
[BlackElo "2108"]
[TimeControl "180+1"]
[EndTime "11:53:25 PST"]
[Termination "WiktoriaPOL won by resignation"]

1. e4 c5 2. Nf3 g6 3. d4 cxd4 4. Nxd4 Nc6 5. c4 Nf6 6. Nc3 d6 7. Be3 Ng4 8. Bc1 Bg7 9. Be2 Nxd4 10. Bxg4 Bxg4 11. Qxg4 Nc2+ 12. Ke2 Nxa1 13. Kd3 Qb6 14. Qf3 Qd4+ 15. Ke2 Qxc4+ 16. Kd1 Bxc3 17. Qxc3 Qxc3 18.
bxc3 Rc8 19. Kd2 Rc6 20. Bb2 Ra6 21. Rxa1 O-O 22. a4 Rc8 23. Kc2 Rc4 24. f3 Rcxa4 25.
Rd1 Ra2 26. Kb3 R2a5 27. h4 Rb5+ 28. Kc2 Ra2 29. Rb1 a5 30. c4 Rb4 31. Kc3 Rbxb2 32. Rxb2 Rxb2 33. Kxb2 Kf8 34. Ka3 b6 35. Ka4 Ke8 36. Kb5 Kd7 37. g4 Ke6 38. f4 f5 39.
exf5+ gxf5 40. g5 Kf7 41. h5 e5 42. fxe5 dxe5 43. Kxb6 a4 44. c5 a3 45. c6 a2 46. c7 a1=Q 47. c8=Q Qd4+ 48. Ka6 Qd6+ 49.
Ka5 Qd5+ 50. Ka4 Qa2+ 51. Kb4 Qb2+ 52. Ka4 Qd4+ 53. Ka5 Qd5+ 54. Ka4 Qe4+ 55. Ka5 Qe1+ 56. Ka4 Qd1+ 57. Ka5 Qd2+ 58. Ka4 Qxg5 59. Qc7+ Qe7 60.
Qc4+ Ke8 61. Qg8+ Kd7 62. Qd5+ Kc7 63. Qc4+ Kd6 64. h6 Qa7+ 65. Kb3 Qb6+ 66. Kc2 Qc5 67. Qxc5+ Kxc5 68. Kd3 Kd5 69. Ke3 e4 70. Kf4 Ke6 71. Kg5 e3 72. Kh5 e2 0-1

[Event "*** Titled Tuesday Blitz"]
[Site "Chess.com"]
[Date "2020.11.10"]
[Round "9"]
[White "KacperPolOK"]
[Black "MasterMK73"]
[Result "0-1"]
[WhiteElo "2420"]
[BlackElo "2272"]
[TimeControl "180+1"]
[EndTime "11:53:26 PST"]
[Termination "MasterMK73 won by resignation"]

1. e4 c5 2. Nf3 a6 3. c3 d6 4. d4 Qc7 5. Bd3 g6 6. O-O Bg7 7. h3 Nd7 8. Be3 Ngf6 9. Nbd2 O-O 10.
Rc1 b5 11. Qe2 Bb7 12. d5 c4 13. Bb1 Rfe8 14. Nd4 e6 15. dxe6 fxe6 16. Kh1 e5 17. N4f3 Nh5 18. g4 Nf4 19. Bxf4 exf4 20. Nd4 Qd8 21.
f3 Bf6 22. b3 d5 23. bxc4 dxc4 24. Qg2 Qb6 25. Ne2 g5 26. Rcd1 Ne5 27. Nd4 Ng6 28.
Nf5 Ne7 29. h4 Nxf5 30. gxf5 Kh8 31. Rg1 Rg8 32. Qg4 Qf2 33. Rg2 Qxh4+ 34. Qxh4 gxh4 35. Rdg1 Rg3 36. Rxg3 fxg3 37. Kg2 Bg5 38. Nf1 Rd8 39.
Kh3 Rd1 40. Bc2 Re1 41. Kg4 h6 42. f4 Bd8 43. e5 g2 44. Rxg2 Bxg2 45. Nh2 Rh1 46.
f6 Rxh2 47. a4 Bb7 48. axb5 axb5 49. Bf5 h3 50. Kh5 Rh1 51. Bxh3 Rxh3+ 52. Kg6 Bd5 53. f5 Rg3+ 54. Kxh6 Bf7 55. e6 Bxf6 56. exf7 Bg7+ 57.
Kh5 Bf8 58. Kh4 Rg7 59. f6 Rxf7 60. Kg5 Kg8 0-1

[Event "*** Titled Tuesday Blitz"]
[Site "Chess.com"]
[Date "2020.11.10"]
[Round "9"]
[White "Karateloru"]
[Black "Msb2"]
[Result "1/2-1/2"]
[WhiteElo "2749"]
[BlackElo "2891"]
[TimeControl "180+1"]
[EndTime "11:53:31 PST"]
[Termination "Game drawn - insufficient material"]

1. e4 e6 2. d4 d5 3. Nd2 c5 4. exd5 Qxd5 5. Ngf3 cxd4 6. Bc4 Qd6 7. O-O Nf6 8. Nb3 Nc6 9. Nbxd4 Nxd4 10. Qxd4 Qxd4 11. Nxd4 Bd7 12. c3 Rc8 13. Bb3 Bc5 14. Rd1 O-O 15.
h3 Rfd8 16. Be3 Kf8 17. Nc2 Bxe3 18. Nxe3 Ke7 19. Rd4 Bc6 20. Rad1 Rxd4 21. Rxd4 Rd8 22. Rxd8 Kxd8 23. f3 g6 24. Kf2 Ke7 25. Bc4 e5 26. Ng4 Nd7 27. Ke3 f5 28. Nf2 g5 29. Bd3 f4+ 30. Kd2 Nf6 31. Ng4 e4 32. Nxf6 Kxf6 33. Bxe4 Bxe4 34. fxe4 Ke5 35. Kd3 h5 36. a4 g4 37. hxg4 hxg4 38. a5 a6 39. b4 g3 40.
Ke2 Kxe4 41. c4 Kd4 42. b5 Kxc4 43. bxa6 bxa6 44. Kf3 Kb5 45. Kxf4 Kxa5 46. Kxg3 Kb4 47. Kf4 a5 48. g4 a4 49. g5 a3 50. g6 a2 51. g7 a1=Q 52. g8=Q Qf1+ 53. Ke5 Qe2+ 54. Kf6 Qf3+ 55. Kg7 Qg4+ 56. Kf8 Qc8+ 57. Kg7 Qc3+ 58. Kf8 Qc5+ 59. Kg7 Qd4+ 60. Kf8 Kc5 61. Qg5+ Kc6 62.
Kf7 Qd7+ 63. Qe7 Qd1 64. Qe6+ Kc7 65. Qe7+ Kc6 66. Qe6+ Kc7 67. Qe7+ Kb6 68. Qe6+ Ka5 69. Qf6 Qd5+ 70. Qe6 Qh5+ 71. Qg6 Qf3+ 72. Qf6 Qb7+ 73.
Qe7 Qb3+ 74. Qe6 Qc3 75. Qf6 Qc7+ 76. Qe7 Qf4+ 77. Qf6 Qc4+ 78. Qe6 Qc7+ 79. Qe7 Qc8 80. Kf6 Kb5 81. Qe5+ Kb4 82. Qd6+ Ka4 83. Qe5 Qh8+ 84. Ke6 Qe8+ 85. Kd6 Qd8+ 86. Ke6 Qc8+ 87. Kd6 Ka3 88.
Qc5+ Qxc5+ 89. Kxc5 1/2-1/2

[Event "*** Titled Tuesday Blitz"]
[Site "Chess.com"]
[Date "2020.11.10"]
[Round "9"]
[White "DenLaz"]
[Black "kuli4ik"]
[Result "1-0"]
[WhiteElo "2781"]
[BlackElo "2858"]
[TimeControl "180+1"]
[EndTime "11:53:36 PST"]
[Termination "DenLaz won on time"]

1. d4 g6 2. c4 Bg7 3. Nc3 d6 4. Nf3 c5 5. dxc5 Bxc3+ 6. bxc3 dxc5 7. Qxd8+ Kxd8 8. Ne5 Be6 9. g3 Nd7 10. Bf4 Nxe5 11. Bxe5 f6 12. Bf4 Bxc4 13. Bg2 Ba6 14. Rb1 e5 15. Be3 Kc7 16. Bxc5 Nh6 17. O-O f5 18. Rfd1 Rhd8 19. e4 Rxd1+ 20. Rxd1 Nf7 21. exf5 gxf5 22. Bh3 Kc6 23. Bb4 f4 24. Bd7+ Kc7 25. Bf5 Bc4 26. Rd7+ Kc6 27. Re7 a5 28. Be4+ Bd5 29.
Bxd5+ Kxd5 30. Rxf7 axb4 31. cxb4 Ke4 32. gxf4 exf4 33. Rxb7 Rxa2 34. Kg2 Rb2 35. b5 Kf5 36. b6 Rb3 37. Rb8 Kg6 38. h3 Kg7 39. b7 h6 40.
Kf1 Rb2 41. Ke1 f3 42. Kd1 Kh7 43. Kc1 Rb6 44. Kc2 Kg7 45. Kc3 Rb1 46. Kc4 Kh7 47. Kc5 Kg7 48. Kc6 Rc1+ 49. Kd5 Rb1 50. Ke4 Rb3 51.
Ke5 Rb2 52. Ke6 Rb6+ 53. Kf5 Rb1 54. h4 Rb4 55. h5 Rb5+ 56. Ke6 Rb3 57. Kd5 Rd3+ 58.
Ke4 Rb3 59. Kd5 Kh7 60. Kc4 Rb1 61. Kc5 Rc1+ 62. Kd6 Rb1 63. Ke6 Rc1 64. Rd8 Rc6+ 65. Rd6 Rxd6+ 66. Kxd6 1-0

[Event "*** Titled Tuesday Blitz"]
[Site "Chess.com"]
[Date "2020.11.10"]
[Round "9"]
[White "maxip32"]
[Black "KononenkoD"]
[Result "1-0"]
[WhiteElo "2453"]
[BlackElo "2592"]
[TimeControl "180+1"]
[EndTime "11:53:42 PST"]
[Termination "maxip32 won by checkmate"]

1. e4 c6 2. d4 d5 3. e5 Bf5 4. Nf3 e6 5. Be2 Ne7 6. O-O c5 7. c4 Nbc6 8. Be3 dxc4 9. dxc5 Nd5 10. Bd4 Qa5 11. Bxc4 Bxc5 12. Bxc5 Qxc5 13. Bxd5 exd5 14. Nbd2 O-O 15. Nb3 Qe7 16. Re1 Be4 17. Nfd4 Rad8 18. f3 Bg6 19. Nxc6 bxc6 20. Qd4 Rb8 21. Nc5 a5 22. a3 Rb5 23. Rac1 Rfb8 24. b3 h6 25. Rc3 Kh7 26. Rec1 Qa7 27. Kf2 a4 28. b4 Re8 29.
Re3 Rf8 30. Rce1 Rbb8 31. Rd1 Rbe8 32. f4 Bf5 33. h3 Bc8 34. g4 Qe7 35. Kg2 f6 36. e6 f5 37. Kg3 Kh8 38. Qd3 Qd6 39. gxf5 Rf6 40. Re5 g6 41. Ne4 Qf8 42. Nxf6 Qxf6 43.
Qd4 Kh7 44. Re3 Qxd4 45. Rxd4 gxf5 46. Kf2 Bxe6 47. Rd2 Kg6 48. Rc2 Bd7 49. Rxe8 Bxe8 50. Rc5 d4 51. Ra5 Bf7 52. Rxa4 Bc4 53. Ra5 d3 54. Ke3 Kh5 55. Rc5 Kh4 56. Rxc4 Kxh3 57. Rxc6 Kg3 58. Rxh6 Kg2 59. Kxd3 Kf3 60. Rf6 Kxf4 61.
Rxf5+ Kxf5 62. Kc4 Ke6 63. Kc5 Kd7 64. Kb6 Kc8 65. Ka7 Kc7 66. b5 Kc8 67. b6 Kd7 68. b7 Kc6 69. b8=Q Kc5 70. Qb6+ Kd5 71. a4 Kc4 72. Kb7 Kd3 73. a5 Kc3 74. a6 Kc4 75. a7 Kd3 76. a8=Q Kc3 77. Qc5+ Kd3 78. Qaa3+ Ke4 79.
Qae3# 1-0

[Event "*** Titled Tuesday Blitz"]
[Site "Chess.com"]
[Date "2020.11.10"]
[Round "9"]
[White "Slovak_fighter2000"]
[Black "maximnovik"]
[Result "1-0"]
[WhiteElo "2466"]
[BlackElo "2506"]
[TimeControl "180+1"]
[EndTime "11:53:47 PST"]
[Termination "Slovak_fighter2000 won by resignation"]

1. d4 Nf6 2. Bf4 c5 3. e3 Qb6 4. Nc3 d6 5. Rb1 g6 6. Nf3 Bg7 7. Be2 O-O 8. O-O Bg4 9. h3 Bxf3 10. Bxf3 Nc6 11. d5 Nb8 12. e4 Nbd7 13. Re1 a6 14. Qd2 Ne8 15. Bh6 Qd8 16. Bxg7 Kxg7 17. a4 Rb8 18. b4 cxb4 19. Rxb4 Qc7 20. Qd4+ Nef6 21. Reb1 Rfc8 22. Ne2 Ne5 23. c3 Nxf3+ 24. gxf3 Kg8 25. c4 Nd7 26. Kg2 Nc5 27. f4 a5 28.
Rb5 Nxa4 29. Rc1 b6 30. e5 Nc5 31. Nc3 Qd7 32. Rcb1 a4 33. Rxb6 Nb3 34. Qe3 Rxb6 35. Qxb6 Rxc4 36. Ne2 Qf5 37. Qd8+ Kg7 38. Qxe7 Rc2 39.
Re1 dxe5 40. fxe5 Nd4 41. Qf6+ Qxf6 42. exf6+ Kxf6 43. Nxd4 Rd2 44. Nf3 Rxd5 45. Ra1 Ra5 46. Ra3 Ke6 47. Nd4+ Kd5 48. Ne2 Kc4 49. Kf3 Kb4 50.
Ra1 a3 51. Rb1+ Kc4 52. Ra1 Kb3 53. Ke3 Kb2 54. Rd1 a2 55. Rd2+ Kb3 56. Nc1+ Kc4 57. Nxa2 Ra3+ 58. Ke2 Rxh3 59. Nc1 h5 60. Nd3 Kc3 61.
Ne5 Rh2 62. Rd3+ Kc2 63. Rf3 f5 64. Nc6 Rh1 65. Ne7 h4 66. Nxg6 h3 67. Nf4 h2 68. Rh3 Kb2 69. Kf3 Kc3 70. Kg2+ Kd4 71. Kxh1 Ke4 72. Kxh2 Kxf4 73. Kg2 Kg4 74. Rf3 f4 75.
Ra3 f3+ 76. Rxf3 1-0

[Event "*** Titled Tuesday Blitz"]
[Site "Chess.com"]
[Date "2020.11.10"]
[Round "9"]
[White "anon102030"]
[Black "Jospem"]
[Result "0-1"]
[WhiteElo "2748"]
[BlackElo "2920"]
[TimeControl "180+1"]
[EndTime "11:53:49 PST"]
[Termination "Jospem won by resignation"]

1. e4 e5 2. Nf3 Nc6 3. Bc4 Bc5 4. c3 Nf6 5. d4 exd4 6. cxd4 Bb4+ 7. Bd2 Bxd2+ 8.
Nbxd2 d5 9. exd5 Nxd5 10. Qb3 Nce7 11. O-O O-O 12. Rfe1 c6 13. Rac1 Nb6 14. Bd3 Ned5 15.
Ne4 Nf4 16. Nc5 Nxd3 17. Qxd3 Nd7 18. Qe3 Nxc5 19. dxc5 Be6 20. a3 Bd5 21. Nd4 Qf6 22.
Qe5 Qxe5 23. Rxe5 Rfe8 24. Rce1 Rxe5 25. Rxe5 Kf8 26. Nf5 b6 27. cxb6 axb6 28. f4 Rd8 29.
Ne7 f6 30. Re3 Bf7 31. Nxc6 Rd2 32. Nb4 Rxb2 33. Rc3 Rb1+ 34. Kf2 Rb2+ 35. Kf3 h5 36. h3 Be8 37. g4 h4 38. g5 Bd7 39. gxf6 gxf6 40.
Ke4 Re2+ 41. Kd4 Rh2 42. Nd5 Bxh3 43. Rc7 Rd2+ 44. Kc3 Rxd5 45. Rh7 Rc5+ 46. Kb4 Be6 47. Rxh4 Kg7 48. Rh2 Rc4+ 49. Kb5 Rxf4 50. Kxb6 Bd7 51. Rd2 Be8 52. Rd8 Kf7 53. Rd2 Ke7 54. Rd3 Re4 55.
Rc3 f5 56. Kc5 Ke6 57. Kb6 f4 58. Rc8 Kd7 59. Rc7+ Kd6 60. Rc8 f3 61. Rc1 Bd7 62.
Rd1+ Ke7 63. Rf1 Re3 64. a4 Bxa4 65. Ka5 Bc6 66. Rf2 Kd6 67. Kb4 Bd5 68. Rf1 Ke5 69. Kc5 Rc3+ 70. Kb4 Rc2 71. Re1+ Kf4 72. Re8 f2 73. Rf8+ Ke3 74. Kb5 Be4 75. Rf7 Rc1 76. Kb4 f1=Q 77. Rf2 Rb1+ 0-1

[Event "*** Titled Tuesday Blitz"]
[Site "Chess.com"]
[Date "2020.11.10"]
[Round "9"]
[White "Ermito2020"]
[Black "VMikhalevski"]
[Result "1-0"]
[WhiteElo "2616"]
[BlackElo "2718"]
[TimeControl "180+1"]
[EndTime "11:53:52 PST"]
[Termination "Ermito2020 won on time"]

1. e4 e5 2. Nf3 Nc6 3. d4 exd4 4. Bc4 Nf6 5. O-O Bc5 6. e5 d5 7. exf6 dxc4 8. fxg7 Rg8 9. Bg5 Qd5 10. Re1+ Be6 11.
Nc3 Qf5 12. Ne4 Rxg7 13. Nh4 Qxg5 14. Nxg5 Rxg5 15. Rxe6+ fxe6 16. Qe2 Kd7 17. Qxc4 Rag8 18. g3 Rd5 19. Re1 d3 20. cxd3 Rf8 21. Rf1 Ne5 22.
Qa4+ c6 23. Qe4 Rf7 24. Kg2 Nxd3 25. Nf3 Bd6 26. Ng5 Rxg5 27. Qxd3 Rd5 28. Qb3 Kc7 29. Rd1 Bc5 30. f4 Rfd7 31. Rxd5 exd5 32. Qd3 Re7 33. f5 Re3 34. Qc2 Bd4 35. Qd2 c5 36. f6 Re6 37. Qh6 Rxf6 38. Qxh7+ Kc6 39. h4 Rf2+ 40. Kh3 Rxb2 41. h5 c4 42. Qg6+ Kc5 43. Qf7 c3 44. Qc7+ Kb4 45. Qxb7+ Kc4 46. Qa6+ Kb4 47.
Qd3 Kc5 48. h6 Rb6 49. h7 Rh6+ 50. Kg2 a5 51. g4 Rh4 52. Kg3 Rh1 53. g5 Rg1+ 54.
Kh4 Rg2 55. Qxd4+ Kxd4 56. h8=Q+ Kd3 57. Qc8 c2 58. Qc5 d4 59. Kh5 Rg1 60. Qb5+ Kd2 61.
Qxa5+ Kd1 62. Qa4 d3 63. g6 d2 64. Kh6 Ke1 65. Qe4+ Kd1 66. Qf3+ Kc1 67. Qe3 Kd1 68.
Qf3+ Kc1 69. Qe3 Kd1 70. Qxg1+ Ke2 71. Qg2+ Kd3 72. Qf3+ Kd4 73. Qf4+ Kd3 74. Qf5+ Kc3 75. Qc5+ Kd3 76. Qd5+ Kc3 77. g7 c1=Q 78. Qc5+ Kb2 79.
Qb5+ Kxa2 80. g8=Q+ 1-0

[Event "*** Titled Tuesday Blitz"]
[Site "Chess.com"]
[Date "2020.11.10"]
[Round "9"]
[White "kingofthenil"]
[Black "biostatistician"]
[Result "0-1"]
[WhiteElo "2663"]
[BlackElo "2539"]
[TimeControl "180+1"]
[EndTime "11:53:54 PST"]
[Termination "biostatistician won by resignation"]

1. e4 e6 2. d4 d5 3. e5 b6 4. c3 Qd7 5. g3 Ba6 6. Ne2 c5 7.
Bg2 Nc6 8. Be3 Nge7 9. f4 Nf5 10. Bf2 Bxe2 11. Kxe2 cxd4 12. cxd4 Rc8 13. Nc3 h5 14. Rc1 Bb4 15. h3 Na5 16. g4 Ne7 17. Kf3 Nc4 18. Qe2 Ng6 19. a3 Be7 20. Bg3 h4 21. Bh2 O-O 22. Qc2 Qe8 23. f5 f6 24. fxg6 fxe5+ 25. Ke2 exd4 26. Nxd5 exd5 27. Bxd5+ Kh8 28. Qe4 Bg5 29.
Qxe8 Rcxe8+ 30. Kd3 Nxb2+ 31. Kxd4 Bf6+ 32. Be5 Bxe5+ 33.
Ke4 Bf4+ 34. Kd4 Be3+ 35. Kc3 Na4+ 36. Kb4 Bxc1 37. Kxa4 Be3 38. Bf7 Re4+ 39. Kb5 Bc5 40. Rf1 Re3 41. Rf5 Rxf7 42. gxf7 g6 43. Rxc5 Kg7 44.
Rc7 Rxh3 45. Rxa7 Rg3 46. Kxb6 Rxg4 47. a4 h3 48. a5 h2 49. f8=Q+ Kxf8 50. Rh7 Rb4+ 51.
Kc5 Rb2 52. a6 Ra2 53. a7 Kg8 54. Rxh2 Rxa7 55. Kd6 Rf7 56. Ke5 Kg7 57. Ke4 g5 58. Ra2 Kg6 59. Rg2 Rf4+ 60. Ke3 Rf8 61. Ke4 Kh5 62.
Rh2+ Kg4 63. Rg2+ Kh4 64. Rg1 g4 65. Ke3 g3 66. Rh1+ Kg4 67. Ke2 g2 68. Rh7 Kg3 69. Rg7+ Kh2 70. Rh7+ Kg1 71. Rh6 Re8+ 72. Kf3 Kf1 73. Rg6 g1=Q 74. Rxg1+ Kxg1 75. Kg3 Re3+ 76. Kg4 0-1

[Event "*** Titled Tuesday Blitz"]
[Site "Chess.com"]
[Date "2020.11.10"]
[Round "9"]
[White "SantoBlue"]
[Black "DrVelja"]
[Result "0-1"]
[WhiteElo "2900"]
[BlackElo "2775"]
[TimeControl "180+1"]
[EndTime "11:54:03 PST"]
[Termination "DrVelja won by resignation"]

1. e4 c5 2. Nf3 Nc6 3. c3 Nf6 4. e5 Nd5 5. Bc4 Nb6 6. Bb3 d5 7.
exd6 Qxd6 8. O-O Bf5 9. d4 e6 10. Na3 a6 11. Be3 cxd4 12. Nxd4 Nxd4 13. Bxd4 O-O-O 14. Qf3 Qc7 15. Rad1 Bc5 16. Bxg7 Rhg8 17. Rxd8+ Qxd8 18.
Be5 Qd2 19. Bg3 Qxb2 20. Nc4 Nxc4 21. Bxc4 Rd8 22. Bb3 Bd6 23. Bh4 Rd7 24. c4 Qe5 25. Bg3 Qc5 26. Qc3 Bxg3 27. hxg3 Bg6 28. Re1 Rd3 29.
Qh8+ Rd8 30. Qf6 Kc7 31. Bd1 Qd4 32. Qg5 Qd2 33. Qe5+ Qd6 34. Qa5+ Qb6 35. Qg5 Qb4 36. Qe5+ Qd6 37. Qa5+ Qb6 38. Qa3 Rd2 39. Qf3 Qd4 40.
Bb3 Rd3 41. Qe2 Rd2 42. Qf3 Kb8 43. c5 Qxc5 44. Qf4+ Qd6 45. Qf6 Qd4 46. Qf3 Rd3 47. Qe2 Ka7 48. Rf1 Rd2 49. Qf3 Qd3 50. Qf4 Qd4 51.
Qf3 h5 52. Re1 h4 53. gxh4 Qxh4 54. g3 Qd4 55. Re3 Qa1+ 56. Kg2 Qd4 57. Re1 Bf5 58. Re3 Bg4 59. Qf4 Qxf4 60. gxf4 Kb6 61. Rg3 Bf5 62. Rg7 Rd7 63. Rg8 Kc5 64. Rg7 Kd4 65. Kf3 b5 66.
Ke2 a5 67. Rg8 a4 68. Bd1 Kc3 69. Rb8 Rd5 70. Ke1 Rd4 71. Rxb5 Bd3 72. Rb7 Re4+ 73. Be2 Rxe2+ 74. Kd1 Rxf2 75. Rc7+ Bc4 0-1

[Event "*** Titled Tuesday Blitz"]
[Site "Chess.com"]
[Date "2020.11.10"]
[Round "9"]
[White "Chigorinetz"]
[Black "Vuk2000"]
[Result "0-1"]
[WhiteElo "2559"]
[BlackElo "2693"]
[TimeControl "180+1"]
[EndTime "11:54:03 PST"]
[Termination "Vuk2000 won on time"]

1. e4 e6 2. d4 d5 3. e5 c5 4.
Qg4 cxd4 5. Nf3 Nc6 6. Bd3 Nge7 7. h4 Nf5 8. h5 h6 9. a3 Bd7 10. b4 Qb6 11. O-O Nce7 12. a4 Qxb4 13. Ba3 Qxa4 14. Nbd2 Qc6 15. Nb3 Qc7 16. Rfc1 g5 17. hxg6 Nxg6 18.
Bxf5 exf5 19. Qxd4 Be6 20. Bxf8 Kxf8 21. Rxa7 Kg7 22. Nbd2 Rxa7 23. Qxa7 Rc8 24. Rb1 Qxc2 25. Qxb7 Rc7 26. Qb8 Rc8 27. Qb4 Qc3 28. Qb7 Rc7 29. Qb8 Rc8 30. Qd6 Qc7 31. Qa6 Rb8 32. Re1 Rb2 33. Qd3 Qc5 34. Nd4 Qc8 35. N2f3 Rb4 36. Ra1 Nf4 37. Qd2 Rxd4 38. Nxd4 Ng6 39. Ra7 Nxe5 40. Qb2 Kf6 41. Ne2 Qc4 42. f4 Qc5+ 43. Qd4 Qxd4+ 44. Nxd4 Ng6 45. g3 h5 46. Kf2 h4 47. Ra6 hxg3+ 48. Kxg3 Nf8 49. Kf3 Nd7 50. Ke3 Nc5 51. Rb6 Ne4 52. Nf3 Nc3 53. Ra6 Ne4 54. Kd4 Ng3 55. Ne5 Ne2+ 56. Ke3 Ng3 57. Nd7+ Ke7 58. Nc5 Kf6 59. Nd3 Kg6 60. Kd4 Kf6 61. Rb6 Ne2+ 62. Kc5 Nc3 63. Kd4 Ne4 64. Ra6 Ng3 65. Nc5 Ne2+ 66. Ke3 Nc3 67. Nd3 Nb5 68. Rb6 Nc3 69. Kd4 Ne4 70. Ra6 Ke7 71. Nb4 Nd2 72.
Nxd5+ Kf8 73. Ne3 Kg7 74. Ke5 Nf3+ 75. Kd6 Nh4 76. Ra5 Kf6 77. Ra1 Ng6 78. Ra4 Ne7 0-1

[Event "*** Titled Tuesday Blitz"]
[Site "Chess.com"]
[Date "2020.11.10"]
[Round "9"]
[White "davigator"]
[Black "Shushik"]
[Result "0-1"]
[WhiteElo "2353"]
[BlackElo "2253"]
[TimeControl "180+1"]
[EndTime "11:54:06 PST"]
[Termination "Shushik won by resignation"]

1. e4 e5 2. Nf3 Nc6 3. Bb5 Nf6 4. d3 d6 5. c3 g6 6. O-O Bg7 7. Re1 O-O 8. Nbd2 a6 9. Ba4 b5 10. Bc2 d5 11. h3 h6 12. a4 b4 13. a5 dxe4 14. dxe4 Be6 15. Qe2 Qe7 16. Nb3 Rfd8 17. Bd2 Nh5 18. Be3 Nf4 19. Qf1 Qf6 20. Nfd2 Qg5 21.
Kh2 Qe7 22. Bc5 Qg5 23. Nf3 Qf6 24. Nbd2 bxc3 25. bxc3 g5 26. Be3 Qe7 27. Nb3 g4 28. hxg4 Bxg4 29. Nbd2 Qe6 30. Nh4 Qf6 31. g3 Ne6 32. f3 Bh5 33. Nf5 Bg6 34. g4 Bxf5 35. exf5 Qh4+ 36. Kg2 Nf4+ 37. Bxf4 exf4 38. Ne4 Re8 39.
Qf2 Qd8 40. Red1 Qe7 41. Re1 Qd8 42. Rad1 Qb8 43. Qc5 Qb5 44. Qxb5 axb5 45. f6 Bf8 46. Rd7 Rac8 47. Ra1 Ne5 48. Rdd1 Ra8 49. a6 c5 50. Rdb1 Reb8 51. Ra5 Rb6 52. a7 Rb7 53. Rbxb5 Rxb5 54. Rxb5 Rxa7 55. Bd1 Ra2+ 56. Kf1 Ra1 57. Ke2 Ra2+ 58. Ke1 Ra1 59. Kd2 Ra2+ 60. Kc1 Ra1+ 61. Kc2 Ra2+ 62. Kb3 Ra1 63. Be2 Re1 64. Bc4 Nxf3 65.
Rb7 Rb1+ 66. Kc2 Rxb7 67. Bd5 Rd7 68. c4 Ng5 69. Kd3 Nxe4 70. Kxe4 Kh7 71. Kxf4 Kg6 72. Ke5 Kg5 73. Bf3 Rd4 74. Bd5 Rxg4 75. Bxf7 Rf4 76. Bd5 Rxf6 77. Be6 h5 78. Bh3 h4 79. Bd7 Rf3 80.
Ke4 Rc3 81. Be6 h3 0-1